| TOP OF THE 1ST |
|
El Paso Sun Kings batting - Pitching for Amarillo Gold Sox : LHP Gregg Lorenz
|
|
Pitching: LHP Gregg Lorenz
|
|
|
Batting: RHB Chuckie Canady
|
0-0: Fly out, F4 (Popup, 4D, EV 50.6 MPH)
|
|
Batting: LHB Stanley Hendrickson
|
0-0: DOUBLE (Line Drive, 7LM, EV 102.5 MPH)
|
|
Batting: LHB Franklin Lopez
|
0-0: Ball 1-0: Swinging Strike 1-1: Swinging Strike 1-2: Ground out 6-3 (Groundball, 56, EV 83.1 MPH)
|
|
Batting: RHB Dionisio DeJesus
|
0-0: SINGLE (Line Drive, 7S, EV 89.4 MPH) Stanley Hendrickson to third Runner from 3rd tries for Home, SAFE, throw by LF to home
|
|
Batting: SHB Danny Torres
|
0-0: Called Strike 0-1: Swinging Strike 0-2: Ball 1-2: Ball 2-2: Ball 3-2: Strikes out looking
|
| Top of the 1st over - 1 run, 2 hits, 0 errors, 1 left on base; El Paso 1 - Amarillo 0 |
| BOTTOM OF THE 1ST |
|
Amarillo Gold Sox batting - Pitching for El Paso Sun Kings : LHP Calvin Riggar
|
|
Pitching: LHP Calvin Riggar
|
|
|
Batting: SHB Mike Felder
|
0-0: Called Strike 0-1: Foul Ball, location: 2F 0-2: Foul Ball, location: 2F 0-2: SINGLE (Line Drive, 8LS, EV 100.6 MPH)
|
|
Batting: LHB Hector Arroyo
|
0-0: Ball 1-0: Ball 2-0: Called Strike 2-1: Ball 3-1: Base on Balls Mike Felder to second
|
|
Batting: SHB Al Newman
|
0-0: Called Strike 0-1: Ball 1-1: Ball 2-1: Fly out, F9 (Flyball, 89D, EV 94.4 MPH) Runner from 2nd tags up, SAFE at 3rd, no throw by RF
|
|
Batting: RHB Bill Pecota
|
0-0: Ball Hector Arroyo is caught stealing 2nd base 2-4 1-0: Ground out 4-3 (Groundball, 4, EV 83.8 MPH)
|
| Bottom of the 1st over - 0 runs, 1 hit, 0 errors, 1 left on base; El Paso 1 - Amarillo 0 |
| TOP OF THE 2ND |
|
El Paso Sun Kings batting - Pitching for Amarillo Gold Sox : LHP Gregg Lorenz
|
|
Batting: RHB Danny Ramires
|
0-0: Called Strike 0-1: Ball 1-1: Foul Ball, location: 2F 1-2: Strikes out looking
|
|
Batting: RHB Mike Anicich
|
0-0: Foul Ball, location: 2F 0-1: Ball 1-1: Fly out, F7 (Flyball, 78D, EV 97.5 MPH)
|
|
Batting: RHB Cecil Strawn
|
0-0: Foul Ball, location: 2F 0-1: Swinging Strike 0-2: Ball 1-2: Strikes out swinging
|
| Top of the 2nd over - 0 runs, 0 hits, 0 errors, 0 left on base; El Paso 1 - Amarillo 0 |
| BOTTOM OF THE 2ND |
|
Amarillo Gold Sox batting - Pitching for El Paso Sun Kings : LHP Calvin Riggar
|
|
Batting: SHB Steve Jeltz
|
0-0: Ball 1-0: Called Strike 1-1: Ball 2-1: Foul Ball, location: 2F 2-2: Foul Ball, location: 2F 2-2: Ball 3-2: Fly out, F9 (Flyball, 9LM, EV 89.4 MPH)
|
|
Batting: LHB Derwin McNealy
|
0-0: Ball 1-0: Called Strike 1-1: Foul Ball, location: 2F 1-2: Ball 2-2: Foul Ball, location: 2F 2-2: Ball 3-2: Foul Ball, location: 2F 3-2: Strikes out swinging
|
|
Batting: RHB Dan Henry
|
0-0: Ball 1-0: Ball 2-0: Reached on error, E5 (Groundball, 56, EV 84.4 MPH)
|
|
Batting: RHB Vic Alvarado
|
0-0: Called Strike Dan Henry steals 2nd base 0-1: Foul Ball, location: 2F 0-2: Foul Ball, location: 2F 0-2: Ball 1-2: Strikes out swinging
|
| Bottom of the 2nd over - 0 runs, 0 hits, 1 error, 1 left on base; El Paso 1 - Amarillo 0 |
| TOP OF THE 3RD |
|
El Paso Sun Kings batting - Pitching for Amarillo Gold Sox : LHP Gregg Lorenz
|
|
Batting: RHB Carlos Rios
|
0-0: Foul Ball, location: 2F 0-1: Called Strike 0-2: Ground out 1-3 (Groundball, 13S, EV 68.8 MPH)
|
|
Batting: RHB Chuckie Canady
|
0-0: Ball 1-0: Ball 2-0: Foul Ball, location: 2F 2-1: Ball 3-1: Base on Balls
|
|
Batting: LHB Stanley Hendrickson
|
0-0: Ball 1-0: Called Strike Chuckie Canady steals 2nd base 1-1: Fly out, F8 (Flyball, 8RM, EV 94.4 MPH)
|
|
Batting: LHB Franklin Lopez
|
0-0: Called Strike 0-1: Swinging Strike 0-2: Ball 1-2: Ball 2-2: Strikes out swinging
|
| Top of the 3rd over - 0 runs, 0 hits, 0 errors, 1 left on base; El Paso 1 - Amarillo 0 |
| BOTTOM OF THE 3RD |
|
Amarillo Gold Sox batting - Pitching for El Paso Sun Kings : LHP Calvin Riggar
|
|
Batting: RHB Todd Smith
|
0-0: Ball 1-0: Ball 2-0: Ball 3-0: Called Strike 3-1: Swinging Strike 3-2: Base on Balls
|
|
Batting: SHB Mike Felder
|
0-0: Ball 1-0: Ball 2-0: Ball 3-0: Called Strike 3-1: Called Strike 3-2: Fielders Choice at 2nd, 4-6 (Groundball, 34, EV 86.3 MPH)
|
|
Batting: LHB Hector Arroyo
|
0-0: Ball Mike Felder steals 2nd base 1-0: Ground out 4-3 (Groundball, 4M, EV 85.0 MPH) Mike Felder to third
|
|
Batting: SHB Al Newman
|
0-0: Ball 1-0: Foul Ball, location: 2F 1-1: Ball 2-1: Ball 3-1: Base on Balls
|
|
Batting: RHB Bill Pecota
|
0-0: Called Strike 0-1: Ball 1-1: Ball 2-1: Fielders Choice at 2nd, U6 (Groundball, 6M, EV 100.6 MPH)
|
| Bottom of the 3rd over - 0 runs, 0 hits, 0 errors, 2 left on base; El Paso 1 - Amarillo 0 |
| TOP OF THE 4TH |
|
El Paso Sun Kings batting - Pitching for Amarillo Gold Sox : LHP Gregg Lorenz
|
|
Batting: RHB Dionisio DeJesus
|
0-0: Foul Ball, location: 2F 0-1: Foul Ball, location: 2F 0-2: Strikes out swinging
|
|
Batting: SHB Danny Torres
|
0-0: Called Strike 0-1: Swinging Strike 0-2: Strikes out swinging
|
|
Batting: RHB Danny Ramires
|
0-0: Ball 1-0: Fly out, F4 (Flyball, 4D, EV 88.8 MPH)
|
| Top of the 4th over - 0 runs, 0 hits, 0 errors, 0 left on base; El Paso 1 - Amarillo 0 |
| BOTTOM OF THE 4TH |
|
Amarillo Gold Sox batting - Pitching for El Paso Sun Kings : LHP Calvin Riggar
|
|
Batting: SHB Steve Jeltz
|
0-0: Ball 1-0: Ball 2-0: Swinging Strike 2-1: Ball 3-1: Called Strike 3-2: Base on Balls
|
|
Batting: LHB Derwin McNealy
|
0-0: Called Strike 0-1: Ball 1-1: SINGLE (Line Drive, 56, EV 108.1 MPH) Steve Jeltz to second
|
|
Batting: RHB Dan Henry
|
0-0: Called Strike 0-1: Ball 1-1: Fly out, F5 (Popup, 5SF, EV 81.9 MPH)
|
|
Batting: RHB Vic Alvarado
|
0-0: Ball 1-0: SINGLE (Line Drive, 9LS, EV 90.6 MPH) Steve Jeltz to third Derwin McNealy to second Runner from 3rd tries for Home, SAFE, throw by RF to home
|
|
Batting: RHB Todd Smith
|
0-0: Called Strike 0-1: Foul Ball, location: 2F 0-2: SINGLE (Flyball, 7S, EV 93.8 MPH) Derwin McNealy to third Vic Alvarado to second Runner from 3rd tries for Home, SAFE, throw by LF to home
|
|
Batting: SHB Mike Felder
|
0-0: Ball 1-0: Ball 2-0: Ball 3-0: Base on Balls Vic Alvarado to third Todd Smith to second
|
|
Batting: LHB Hector Arroyo
|
0-0: SINGLE (Groundball, 4MD, EV 106.3 MPH) Vic Alvarado scores Todd Smith to third Mike Felder to second Runner from 3rd tries for Home, SAFE, throw by CF to home
|
|
Batting: SHB Al Newman
|
0-0: Ball 1-0: Called Strike Mike Felder steals 3rd base 1-1: Foul Ball, location: 2F 1-2: DOUBLE (Line Drive, 78D, EV 105.6 MPH) Mike Felder scores Hector Arroyo to third
|
|
Batting: RHB Bill Pecota
|
0-0: Fly out, F7 (Line Drive, 7D, EV 92.5 MPH) Runner from 3rd tags up, SCORES, no throw by LF Al Newman to third
|
|
Batting: SHB Steve Jeltz
|
0-0: Foul Ball, location: 2F 0-1: Ball 1-1: Fly out, F8 (Flyball, 8LD, EV 104.4 MPH)
|
| Bottom of the 4th over - 6 runs, 5 hits, 0 errors, 1 left on base; El Paso 1 - Amarillo 6 |
| TOP OF THE 5TH |
|
El Paso Sun Kings batting - Pitching for Amarillo Gold Sox : LHP Gregg Lorenz
|
|
Batting: RHB Mike Anicich
|
0-0: Ball 1-0: Ball 2-0: Called Strike 2-1: Ball 3-1: Fly out, F4 (Flyball, 34D, EV 86.9 MPH)
|
|
Batting: RHB Cecil Strawn
|
0-0: Called Strike 0-1: Foul Ball, location: 2F 0-2: Ball 1-2: Foul Ball, location: 2F 1-2: Ground out 6-3 (Groundball, 6M, EV 97.5 MPH)
|
|
Batting: RHB Carlos Rios
|
0-0: Foul Ball, location: 2F 0-1: Swinging Strike 0-2: Ball 1-2: Foul Ball, location: 2F 1-2: Fly out, F9 (Flyball, 9D, EV 90.0 MPH)
|
| Top of the 5th over - 0 runs, 0 hits, 0 errors, 0 left on base; El Paso 1 - Amarillo 6 |
| BOTTOM OF THE 5TH |
|
Amarillo Gold Sox batting - Pitching for El Paso Sun Kings : LHP Calvin Riggar
|
|
Batting: LHB Derwin McNealy
|
0-0: Ball 1-0: Ball 2-0: Swinging Strike 2-1: SINGLE (Groundball, 6S, EV 69.4 MPH) (infield hit)
|
|
Pitching: RHP Charles Belk
|
|
|
Batting: RHB Dan Henry
|
0-0: Called Strike Derwin McNealy is caught stealing 2nd base 2-4 0-1: Swinging Strike 0-2: Fly out, F7 (Flyball, 78D, EV 100.6 MPH)
|
|
Batting: RHB Vic Alvarado
|
0-0: Ball 1-0: Called Strike 1-1: Ground out 6-3 (Groundball, 56, EV 78.1 MPH)
|
| Bottom of the 5th over - 0 runs, 1 hit, 0 errors, 0 left on base; El Paso 1 - Amarillo 6 |
| TOP OF THE 6TH |
|
El Paso Sun Kings batting - Pitching for Amarillo Gold Sox : LHP Gregg Lorenz
|
|
Batting: RHB Chuckie Canady
|
0-0: Swinging Strike 0-1: Swinging Strike 0-2: Ball 1-2: Strikes out looking
|
|
Batting: LHB Stanley Hendrickson
|
0-0: Ball 1-0: Ball 2-0: Ball 3-0: Base on Balls
|
|
Batting: LHB Franklin Lopez
|
0-0: Ball Stanley Hendrickson steals 2nd base 1-0: Ball 2-0: Foul Ball, location: 2F 2-1: Foul Ball, location: 2F 2-2: Ground out 4-3 (Groundball, 4S, EV 80.0 MPH) Stanley Hendrickson to third
|
|
Batting: RHB Dionisio DeJesus
|
0-0: Called Strike 0-1: Ball 1-1: Foul Ball, location: 2F 1-2: Strikes out swinging
|
| Top of the 6th over - 0 runs, 0 hits, 0 errors, 1 left on base; El Paso 1 - Amarillo 6 |
| BOTTOM OF THE 6TH |
|
Amarillo Gold Sox batting - Pitching for El Paso Sun Kings : RHP Charles Belk
|
|
Batting: RHB Todd Smith
|
0-0: Foul Ball, location: 2F 0-1: Ground out 4-3 (Groundball, 4, EV 100.6 MPH)
|
|
Batting: SHB Mike Felder
|
0-0: Ball 1-0: SINGLE (Groundball, 25, EV 70.6 MPH) (infield hit)
|
|
Batting: LHB Hector Arroyo
|
0-0: Called Strike Mike Felder steals 2nd base 0-1: Ground out U3 (Groundball, 34S, EV 89.4 MPH) Mike Felder to third
|
|
Batting: SHB Al Newman
|
0-0: Ball 1-0: Called Strike 1-1: 2-RUN HOME RUN (Flyball, 9LD, EV 88.8 MPH), Distance : 363 ft
|
|
Batting: RHB Bill Pecota
|
0-0: Ball 1-0: Ball 2-0: Foul Ball, location: 2F 2-1: Foul Ball, location: 2F 2-2: SINGLE (Flyball, 9LS, EV 91.9 MPH)
|
|
Batting: SHB Steve Jeltz
|
0-0: Called Strike 0-1: Ground out 3-1 (Groundball, 34S, EV 85.6 MPH)
|
| Bottom of the 6th over - 2 runs, 3 hits, 0 errors, 1 left on base; El Paso 1 - Amarillo 8 |
| TOP OF THE 7TH |
|
El Paso Sun Kings batting - Pitching for Amarillo Gold Sox : LHP Gregg Lorenz
|
|
Batting: SHB Danny Torres
|
0-0: Ball 1-0: Ball 2-0: Called Strike 2-1: Foul Ball, location: 2F 2-2: Foul Ball, location: 2F 2-2: Fly out, F8 (Flyball, 8RS, EV 80.6 MPH)
|
|
Batting: RHB Danny Ramires
|
0-0: Foul Ball, location: 2F 0-1: Foul Ball, location: 2F 0-2: Strikes out swinging
|
|
Pinch Hitting: RHB William Cline
|
0-0: Called Strike 0-1: Ball 1-1: Ball 2-1: Ball 3-1: Foul Ball, location: 2F 3-2: Ground out 6-3 (Groundball, 56, EV 86.9 MPH)
|
| Top of the 7th over - 0 runs, 0 hits, 0 errors, 0 left on base; El Paso 1 - Amarillo 8 |
| BOTTOM OF THE 7TH |
|
Amarillo Gold Sox batting - Pitching for El Paso Sun Kings : RHP Charles Belk
|
|
Now at 1B: Gary Bishop
|
|
|
Batting: LHB Derwin McNealy
|
0-0: Ball 1-0: Called Strike 1-1: DOUBLE (Line Drive, 3D, EV 106.9 MPH)
|
|
Batting: RHB Dan Henry
|
0-0: Called Strike 0-1: Reached on error, E6 (Groundball, 6, EV 77.5 MPH) Derwin McNealy scores
|
|
Batting: RHB Vic Alvarado
|
0-0: Called Strike 0-1: Ball Wild Pitch! Dan Henry to third 1-1: SINGLE (Flyball, 4MD, EV 86.3 MPH) Dan Henry scores
|
|
Batting: RHB Todd Smith
|
0-0: Foul Ball, location: 2F 0-1: Ball 1-1: Ball 2-1: Reached on error, E6 (Groundball, 6, EV 86.3 MPH) Vic Alvarado to second
|
|
Batting: SHB Mike Felder
|
0-0: Ball 1-0: Ball 2-0: Called Strike 2-1: Foul Ball, location: 2F 2-2: Fly out, F9 (Flyball, 89S, EV 85.6 MPH)
|
|
Pitching: RHP John Harness
|
|
|
Batting: LHB Hector Arroyo
|
0-0: Ball 1-0: Ball 2-0: Called Strike 2-1: Foul Ball, location: 2F 2-2: Ball 3-2: Foul Ball, location: 2F 3-2: Base on Balls Vic Alvarado to third Todd Smith to second
|
|
Batting: SHB Al Newman
|
0-0: Called Strike 0-1: Swinging Strike 0-2: Ball 1-2: Ball 2-2: Strikes out swinging
|
|
Batting: RHB Bill Pecota
|
0-0: Foul Ball, location: 2F 0-1: SINGLE (Groundball, 56D, EV 98.1 MPH) Vic Alvarado scores Todd Smith to third Hector Arroyo to second Runner from 3rd tries for Home, SAFE, throw by LF to home
|
|
Batting: SHB Steve Jeltz
|
0-0: Called Strike 0-1: Ball 1-1: SINGLE (Line Drive, 34D, EV 105.0 MPH) Hector Arroyo to third Bill Pecota to second Runner from 3rd tries for Home, SAFE, throw by RF to home
|
|
Batting: LHB Derwin McNealy
|
0-0: Swinging Strike 0-1: Ball 1-1: Fly out, F9 (Flyball, 9S, EV 84.4 MPH)
|
| Bottom of the 7th over - 5 runs, 4 hits, 2 errors, 2 left on base; El Paso 1 - Amarillo 13 |
| TOP OF THE 8TH |
|
El Paso Sun Kings batting - Pitching for Amarillo Gold Sox : LHP Gregg Lorenz
|
|
Pitching: RHP Alec Christianson
|
|
|
Batting: RHB Cecil Strawn
|
0-0: Ball 1-0: Swinging Strike 1-1: Ball 2-1: Ball 3-1: Called Strike 3-2: Foul Ball, location: 2F 3-2: Strikes out swinging
|
|
Batting: RHB Carlos Rios
|
0-0: Called Strike 0-1: Ball 1-1: Ball 2-1: Foul Ball, location: 2F 2-2: Fly out, F7 (Flyball, 7, EV 88.1 MPH)
|
|
Batting: RHB Chuckie Canady
|
0-0: Ball 1-0: Ball 2-0: Called Strike 2-1: Ball 3-1: Base on Balls
|
|
Batting: LHB Stanley Hendrickson
|
0-0: Called Strike 0-1: Fly out, F7 (Flyball, 78S, EV 80.6 MPH)
|
| Top of the 8th over - 0 runs, 0 hits, 0 errors, 1 left on base; El Paso 1 - Amarillo 13 |
| BOTTOM OF THE 8TH |
|
Amarillo Gold Sox batting - Pitching for El Paso Sun Kings : RHP John Harness
|
|
Batting: RHB Dan Henry
|
0-0: Ball 1-0: Swinging Strike 1-1: Fly out, F8 (Flyball, 78XD, EV 97.5 MPH)
|
|
Batting: RHB Vic Alvarado
|
0-0: Ball 1-0: SINGLE (Line Drive, 9LS, EV 89.4 MPH)
|
|
Batting: RHB Todd Smith
|
0-0: Called Strike 0-1: Fly out, F7 (Line Drive, 7, EV 96.3 MPH)
|
|
Batting: SHB Mike Felder
|
0-0: Swinging Strike 0-1: Ball 1-1: Fielders Choice at 2nd, 5-4 (Groundball, 56, EV 80.6 MPH)
|
| Bottom of the 8th over - 0 runs, 1 hit, 0 errors, 1 left on base; El Paso 1 - Amarillo 13 |
| TOP OF THE 9TH |
|
El Paso Sun Kings batting - Pitching for Amarillo Gold Sox : RHP Alec Christianson
|
|
Batting: LHB Franklin Lopez
|
0-0: Fly out, F8 (Flyball, 8LS, EV 83.1 MPH)
|
|
Batting: RHB Dionisio DeJesus
|
0-0: Called Strike 0-1: Foul Ball, location: 2F 0-2: Strikes out swinging
|
|
Batting: SHB Danny Torres
|
0-0: Ground out 4-3 (Groundball, 4, EV 100.0 MPH)
|
| Top of the 9th over - 0 runs, 0 hits, 0 errors, 0 left on base; El Paso 1 - Amarillo 13 |
|